 Dungeon Crawl Stone Soup version 0.27-a0-597-g524d869a0f (webtiles) character file.

Game seed: 16949550631143647072

152 wakim the Insei (level 5, -8/37 HPs)
             Began as a Merfolk Transmuter on Mar 11, 2021.
             Was an Initiate of Ru.
             Killed from afar by a white imp (9 damage)
             ... with a puff of frost
             ... summoned by Natasha
             ... on level 3 of the Dungeon.
             The game lasted 00:13:54 (4223 turns).

wakim the Insei (Merfolk Transmuter)                Turns: 4223, Time: 00:13:54

Health: -8/37      AC:  8    Str: 11    XL:     5   Next: 34%
Magic:  9/9        EV: 12    Int: 13    God:    Ru [......]
Gold:   128        SH:  0    Dex: 14    Spells: 6/9 levels left

rFire    + . .     SeeInvis .   b - +0 hunting sling
rCold    . . .     Faith    .   (no shield)
rNeg     . . .     Spirit   .   i - +0 leather armour
rPois    .         Reflect  .   (no helmet)
rElec    .         Harm     .   (no cloak)
rCorr    .         Rampage  .   e - +0 pair of gloves
Will     .....                  (no boots)
Stlth    +.........             (no amulet)
HPRegen  0.12/turn              o - +4 ring of protection
MPRegen  0.11/turn              m - ring of protection from fire

@: no status effects
A: change form in water, amphibious, nimble swimmer 2
a: Renounce Religion


You were on level 3 of the Dungeon.
You worshipped Ru.
Ru was noncommittal.
You visited 1 branch of the dungeon, and saw 4 of its levels.

You collected 128 gold pieces.

Inventory:

Hand Weapons
 b - a +0 hunting sling (weapon)
Missiles
 k - 4 javelins
 n - 9 sling bullets (quivered ammo)
 p - 6 boomerangs
Armour
 e - a +0 pair of gloves (worn)
 i - a +0 leather armour (worn)
Jewellery
 a - a ring of resist corrosion
 m - a ring of protection from fire (left hand)
 o - a +4 ring of protection (right hand)
Scrolls
 h - a scroll of amnesia
 D - a scroll of blinking
 E - a scroll of fear
 Z - 3 scrolls of identify {@r1}
Potions
 c - a potion of might {unknown}
 d - a potion of haste {unknown}
 f - 2 potions of heal wounds {unknown}
 g - a potion of curing {unknown}
 j - a potion of flight {unknown}
 l - a potion of degeneration {unknown}
 A - 2 potions of attraction


   Skills:
 - Level 1.1 Fighting
 - Level 2.6 Dodging
 * Level 5.1 Unarmed Combat
 + Level 2.9 Spellcasting
 + Level 4.2 Transmutations


You had 6 spell levels left.
You knew the following spells:

 Your Spells              Type           Power      Damage    Failure   Level
b - Spider Form           Tmut/Pois      3%         N/A       36%         3

Your spell library contained the following spells:

 Spells                   Type           Power      Damage    Failure   Level
 Beastly Appendage        Tmut           24%        N/A       5%          1
 Wereblood                Tmut           12%        N/A       9%          2
 Summon Small Mammal      Summ           4%         N/A       30%         1
 Call Imp                 Summ           1%         N/A       43%         2
 Call Canine Familiar     Summ           1%         N/A       67%         3
 Summon Guardian Golem    Hex/Summ       1%         N/A       67%         3
 Ice Form                 Ice/Tmut       7%         N/A       77%         4
 Blade Hands              Tmut           6%         N/A       83%         5
 Summon Ice Beast         Ice/Summ       1%         N/A       97%         4
 Summon Lightning Spire   Summ/Air       1%         N/A       97%         4


Dungeon Overview and Level Annotations

Branches:
Dungeon (4/15)
 Temple: D:4-7

Altars:
Ru

Annotations:
D:3 Natasha, Sigmund


Innate Abilities, Weirdness & Mutations

You revert to your normal form in water.
You are amphibious.
You are quick and stealthy while swimming. (Stealth+, EV+, Speed+++)


Message History

You shoot a sling bullet. The sling bullet hits the orc.
The orc is almost dead.
You shoot a sling bullet. The sling bullet hits the orc!
You kill the orc!
The orc priest invokes the aid of Beogh against you.
Pain shoots through your body!
The orc priest invokes the aid of Beogh against you.
Beogh smites you!
* * * LOW HITPOINT WARNING * * *
The orc priest invokes the aid of Beogh against you.
Pain shoots through your body!
* * * LOW HITPOINT WARNING * * *
You climb upwards.
Level annotation: Natasha, Sigmund
There is a stone staircase leading down here.
You start resting.
Natasha is nearby! a +0 leather armour; a +0 club Natasha hisses angrily.
Natasha casts a spell.
The white imp hits you.
* * * LOW HITPOINT WARNING * * *
The white imp freezes you.
* * * LOW HITPOINT WARNING * * *
Natasha casts a spell at you. The magic dart hits you.
* * * LOW HITPOINT WARNING * * *
The white imp gestures at you. The puff of frost hits you.
* * * LOW HITPOINT WARNING * * *
The white imp spits at you.
Natasha stares at you and mumbles some strange words.
The magic dart hits you.
* * * LOW HITPOINT WARNING * * *
Blink to where?
Press: ? - help, Dir - move target
As you read the scroll of blinking, it crumbles to dust.
The white imp gestures at you. The puff of frost hits you!
You die...

#...##....#..#.#######..
#..##(##..#....#.....#.#
##.#[##..##.##.#.###.#.#
#.###...##....#.##....#
#...........###.##..#.#
#.......###.....##....# #
#.#.#<..# #####........ ###
#.#.##.##########.....# ..##
#.....@....5.#....#...# #..#
#.####.###.h....#......
#..########...#......#....#.###.#
...........................)....)
...#####.####.#.####.##.#####.#.#
.###)...(# #.#......#........#..
..##.....# #.#####..############
..##.....####.###....#
...#.......##.#.....##


You could see Natasha and a white imp (summoned).

Vanquished Creatures
  4 gnolls
  3 adders
  2 oozes
  A worm (D:3)
  A dart slug (D:3)
  2 leopard geckos (D:3)
  5 orcs
  2 ball pythons
  9 bats
  A giant cockroach (D:3)
  5 hobgoblins
  4 jackals (D:1)
  5 kobolds
  A quokka (D:2)
  4 frilled lizards
  12 goblins
  7 rats
68 creatures vanquished.

Notes
Turn   | Place    | Note
-------+----------+-------------------------------------------
     0 | D:1      | wakim the Merfolk Transmuter began the quest for the Orb.
     0 | D:1      | Reached XP level 1. HP: 15/15 MP: 3/3
   264 | D:1      | Reached XP level 2. HP: 16/21 MP: 3/5
  1166 | D:2      | Reached skill level 4 in Unarmed Combat
  1166 | D:2      | Reached XP level 3. HP: 26/26 MP: 4/6
  1322 | D:2      | Learned a level 3 spell: Spider Form
  2157 | D:1      | Reached XP level 4. HP: 30/32 MP: 7/7
  2352 | D:3      | Found a sacrificial altar of Ru.
  2394 | D:3      | Became a worshipper of Ru the Awakened
  2412 | D:3      | Noticed Natasha
  3365 | D:2      | Reached skill level 5 in Unarmed Combat
  3365 | D:2      | Reached XP level 5. HP: 14/37 MP: 9/9
  3851 | D:3      | Noticed Sigmund
  4221 | D:3      | HP: 1/37 [Natasha/magic dart (3)]
  4223 | D:3      | Killed from afar by a white imp

Illustrated notes

Levels and vault maps discovered:
D:1:      tarquinn_simple_flora_water_b, layout_rooms, serial_curves,
          eino_curves_03, eino_curves_02, eino_curves_03, eino_curves_03,
          minivault_11, corexii_corridor_pit, interstate_on_off
D:2:      layout_basic, serial_park_tiny_pond, kennysheep_minor_cross,
          minmay_goblin_kobold_house
D:3:      layout_basic, lemuel_round_altar, minmay_cupped, uniq_natasha,
          uniq_sigmund
D:4:      layout_rooms, minmay_temple_entry_large_hall, gammafunk_ghost_split,
          chequers_garden, nicolae_dithmenos_the_darkroom, uniq_eustachio,
          uniq_ijyb

Skill      XL: |  1  2  3  4 |
---------------+-------------+-----
Transmutations | 3 4 |  4.2
Unarmed Combat | 4 5 |  5.1
Fighting       | |  1.1
Dodging        | |  2.6
Spellcasting   | |  2.9

Action                   |  1- 3 |  4- 6 || total
-------------------------+-------+-------++-------
Melee: Unarmed           |   128 |   137 ||   265
       Headbutt          |     6 |       ||     6
       Punch             |     1 |     2 ||     3
 Fire: Hunting sling     |       |    10 ||    10
Throw: Javelin           |    17 |       ||    17
 Cast: Beastly Appendage |    13 |       ||    13
  Use: Scroll            |     5 |     2 ||     7
Armor: Robe              |    27 |       ||    27
       Leather armour    |    11 |    54 ||    65
Dodge: Dodged            |    85 |    79 ||   164

Table legend: (Time is in decaauts)
 A = Elapsed time spent in this place.
 B = Non-inter-level travel time spent in this place.
 C = Inter-level travel time spent in this place.
 D = Time resting spent in this place.
 E = Time spent auto-exploring this place.
 F = Levels seen in this place.
 G = Mean time per level.
                   A        B        C        D        E       F      G
               +--------+--------+--------+--------+--------+-----+--------+
         Total |   4203 |   3885 |    318 |   1187 |   1721 |   4 | 1050.8 |
       Dungeon |   4203 |   3885 |    318 |   1187 |   1721 |   4 | 1050.8 |
               +--------+--------+--------+--------+--------+-----+--------+

Top non-repeatable levels by time:
     D:1: 1533 daAuts
     D:2: 1462 daAuts
     D:3: 1191 daAuts
     D:4: 16 daAuts
